[ AOE2 MATCH · #482515369 ]
UnrankedTurks vs Vietnamese
[ REPLAY ANALYSIS · EXTRACTED FROM THE RECORDED GAME ]
Feudal
10:58
Castle
22:48
Imperial
37:00
| APM avg | 39.0 |
| APM peak | 69 |
| eAPM avg | 15.4 |
| Villagers / military | 110 / 62 |
Focus
⚔️ 34.9% · 🌾 65.1%
Scout Cavalry ×27 · Cavalry Archer ×17 · Camel Scout ×14 · Mangonel ×2 · Battering Ram ×2
Feudal
9:32
Castle
22:09
Imperial
38:20
| APM avg | 34.9 |
| APM peak | 66 |
| eAPM avg | 13.5 |
| Villagers / military | 78 / 47 |
Focus
⚔️ 29.1% · 🌾 70.9%
Archer ×22 · Mangonel ×20 · Spearman ×3 · Battering Ram ×2
Feudal
10:05
Castle
23:16
Imperial
36:33
| APM avg | 30.5 |
| APM peak | 91 |
| eAPM avg | 12.7 |
| Villagers / military | 118 / 51 |
Focus
⚔️ 19.3% · 🌾 80.7%
Archer ×21 · Skirmisher ×21 · Rattan Archer ×8 · Trade Cart ×5 · Trebuchet (Packed) ×1
Feudal
12:53
Castle
19:48
Imperial
37:42
| APM avg | 15.3 |
| APM peak | 52 |
| eAPM avg | 8.8 |
| Villagers / military | 91 / 48 |
Focus
⚔️ 24.0% · 🌾 76.0%
Steppe Lancer ×35 · Keshik ×13 · Trade Cart ×2
Feudal
11:27
Castle
19:30
Imperial
—
| APM avg | 41.3 |
| APM peak | 88 |
| eAPM avg | 19.9 |
| Villagers / military | 84 / 47 |
Focus
⚔️ 13.6% · 🌾 86.4%
Skirmisher ×27 · Spearman ×20
Feudal
—
Castle
—
Imperial
—
| APM avg | 31.3 |
| APM peak | 82 |
| eAPM avg | 19.0 |
| Villagers / military | 168 / 73 |
Focus
⚔️ 25.7% · 🌾 74.3%
Skirmisher ×26 · Coustillier ×25 · Knight ×9 · Scout Cavalry ×6 · Spearman ×4 · Battering Ram ×3
Feudal
11:01
Castle
29:33
Imperial
41:31
| APM avg | 19.7 |
| APM peak | 39 |
| eAPM avg | 9.0 |
| Villagers / military | 86 / 28 |
Focus
⚔️ 22.9% · 🌾 77.1%
Knight ×14 · Archer ×9 · Skirmisher ×5
Feudal
10:15
Castle
—
Imperial
—
| APM avg | 18.8 |
| APM peak | 70 |
| eAPM avg | 7.4 |
| Villagers / military | 54 / 12 |
Focus
⚔️ 17.5% · 🌾 82.5%
Militia ×9 · Spearman ×3
Match map
Initial resources + every placement click. Lines = walls · curves = elevation contours. ◆ gold · ⬟ stone · ● berries · ✦ relic · ◌ wall gap
Your base· Open — 7t gap
高老头子's base· Open — 1t gap
Pixopate's base· ✓ Closed at 23:16 · 77t walls · 1 gate(s)
COYS's base· Open — unwalled flank
大眼孔帝国's base· Open — unwalled flank
GERMANICO7222's base· Open — 4t gap
Roy's base· Open — 1t gap
ericweathering's base· Open — unwalled flank
Smoothed initial terrain · ◌ = detected wall gap · hover for details
Inputs per minute
— 854039402 - - 高老头子
Build order — 854039402
First 150 of 319 actions detected
| 0:03 | Research | Loom |
| 0:03 | Create | Villager (Male) |
| 0:03 | Create | Villager (Male) |
| 0:04 | Create | Villager (Male) |
| 0:07 | Build | House |
| 0:09 | Build | House |
| 0:20 | Build | House |
| 0:22 | Build | House |
| 0:32 | Create | Villager (Male) |
| 0:33 | Create | Villager (Male) |
| 0:33 | Create | Villager (Male) |
| 1:46 | Create | Villager (Male) |
| 1:47 | Create | Villager (Male) |
| 2:28 | Create | Villager (Male) |
| 2:28 | Create | Villager (Male) |
| 2:28 | Create | Villager (Male) |
| 2:37 | Build | House |
| 2:38 | Build | House |
| 2:53 | Create | Villager (Male) |
| 2:53 | Create | Villager (Male) |
| 3:17 | Create | Villager (Male) |
| 3:18 | Create | Villager (Male) |
| 3:48 | Create | Villager (Male) |
| 3:48 | Create | Villager (Male) |
| 4:13 | Create | Villager (Male) |
| 4:14 | Create | Villager (Male) |
| 4:20 | Build | Lumber Camp |
| 4:34 | Create | Villager (Male) |
| 4:35 | Create | Villager (Male) |
| 4:35 | Create | Villager (Male) |
| 5:26 | Create | Villager (Male) |
| 5:26 | Create | Villager (Male) |
| 5:27 | Create | Villager (Male) |
| 5:27 | Create | Villager (Male) |
| 6:11 | Create | Villager (Male) |
| 6:12 | Create | Villager (Male) |
| 6:12 | Create | Villager (Male) |
| 7:14 | Create | Villager (Male) |
| 7:25 | Build | Mill |
| 7:33 | Create | Villager (Male) |
| 7:33 | Create | Villager (Male) |
| 7:41 | Build | Mining Camp |
| 8:46 | Research | Feudal Age |
| 10:16 | Build | Barracks |
| 10:58 | Age | Feudal Age |
| 10:59 | Research | Double-Bit Axe |
| 11:12 | Build | Blacksmith |
| 11:26 | Build | Stable |
| 12:05 | Create | Villager (Male) |
| 12:13 | Create | Villager (Male) |
| 12:30 | Build | Farm |
| 12:31 | Create | Scout Cavalry |
| 12:34 | Create | Scout Cavalry |
| 12:52 | Create | Villager (Male) |
| 13:00 | Build | Farm |
| 13:13 | Build | House |
| 13:14 | Build | House |
| 13:18 | Build | Gate |
| 13:21 | Create | Scout Cavalry |
| 13:24 | Build | Farm |
| 13:26 | Create | Villager (Male) |
| 13:26 | Create | Villager (Male) |
| 13:40 | Create | Scout Cavalry |
| 13:47 | Build | Lumber Camp |
| 13:50 | Create | Villager (Male) |
| 13:53 | Create | Villager (Male) |
| 14:07 | Build | Farm |
| 14:07 | Build | Farm |
| 14:15 | Build | House |
| 14:16 | Build | House |
| 14:25 | Create | Scout Cavalry |
| 14:44 | Build | Farm |
| 14:49 | Create | Scout Cavalry |
| 14:52 | Research | Forging |
| 15:07 | Create | Villager (Male) |
| 15:09 | Build | Farm |
| 15:26 | Build | Farm |
| 15:28 | Build | Farm |
| 15:31 | Create | Villager (Male) |
| 15:34 | Build | Farm |
| 15:36 | Create | Villager (Male) |
| 16:13 | Create | Villager (Male) |
| 16:15 | Build | Farm |
| 16:19 | Create | Villager (Male) |
| 16:26 | Build | Farm |
| 16:29 | Research | Bloodlines |
| 16:36 | Build | Farm |
| 16:37 | Build | Farm |
| 16:38 | Build | Farm |
| 16:40 | Build | Farm |
| 16:50 | Build | Farm |
| 16:51 | Create | Villager (Male) |
| 17:15 | Build | Farm |
| 17:16 | Create | Villager (Male) |
| 17:53 | Create | Villager (Male) |
| 17:55 | Build | Farm |
| 17:57 | Create | Villager (Male) |
| 18:33 | Build | Farm |
| 18:34 | Build | Farm |
| 18:35 | Create | Villager (Male) |
| 19:00 | Build | Farm |
| 19:03 | Create | Villager (Male) |
| 19:28 | Build | House |
| 19:29 | Build | House |
| 19:31 | Build | Farm |
| 20:08 | Research | Castle Age |
| 20:09 | Build | Farm |
| 20:10 | Research | Horse Collar |
| 20:19 | Build | Archery Range |
| 20:22 | Build | House |
| 21:36 | Create | Scout Cavalry |
| 21:36 | Create | Scout Cavalry |
| 21:38 | Research | Scale Barding Armor |
| 21:40 | Create | Scout Cavalry |
| 21:44 | Build | House |
| 21:45 | Build | House |
| 21:46 | Build | House |
| 21:55 | Build | Stable |
| 21:57 | Build | Archery Range |
| 22:19 | Research | Town Watch |
| 22:22 | Research | Gold Mining |
| 22:48 | Age | Castle Age |
| 23:04 | Create | Scout Cavalry |
| 23:04 | Create | Scout Cavalry |
| 23:06 | Research | Husbandry |
| 23:08 | Create | Cavalry Archer |
| 23:09 | Create | Cavalry Archer |
| 23:14 | Build | Farm |
| 23:15 | Create | Villager (Male) |
| 23:16 | Create | Villager (Male) |
| 23:17 | Create | Villager (Male) |
| 23:21 | Research | Gold Shaft Mining |
| 23:31 | Research | Fletching |
| 23:40 | Build | Town Center |
| 24:11 | Create | Cavalry Archer |
| 24:12 | Create | Cavalry Archer |
| 24:13 | Research | Bodkin Arrow |
| 24:17 | Create | Scout Cavalry |
| 24:19 | Create | Villager (Male) |
| 24:20 | Create | Villager (Male) |
| 24:20 | Create | Villager (Male) |
| 24:40 | Create | Cavalry Archer |
| 24:40 | Create | Cavalry Archer |
| 24:42 | Create | Cavalry Archer |
| 24:43 | Create | Cavalry Archer |
| 24:45 | Research | Padded Archer Armor |
| 25:46 | Create | Scout Cavalry |
| 25:46 | Create | Scout Cavalry |
| 25:46 | Create | Scout Cavalry |
| 25:49 | Create | Cavalry Archer |
Build order — 高老头子
First 150 of 217 actions detected
| 0:03 | Create | Villager (Male) |
| 0:03 | Create | Villager (Male) |
| 0:03 | Create | Villager (Male) |
| 0:04 | Build | House |
| 0:06 | Build | House |
| 0:15 | Create | Villager (Male) |
| 0:16 | Create | Villager (Male) |
| 1:32 | Create | Villager (Male) |
| 1:33 | Create | Villager (Male) |
| 2:10 | Create | Villager (Male) |
| 2:47 | Create | Villager (Male) |
| 2:47 | Create | Villager (Male) |
| 3:04 | Create | Villager (Male) |
| 3:05 | Create | Villager (Male) |
| 3:05 | Create | Villager (Male) |
| 3:23 | Build | Lumber Camp |
| 3:46 | Build | House |
| 3:50 | Build | House |
| 3:58 | Create | Villager (Male) |
| 3:59 | Create | Villager (Male) |
| 4:02 | Create | Villager (Male) |
| 4:03 | Create | Villager (Male) |
| 4:40 | Create | Villager (Male) |
| 4:41 | Create | Villager (Male) |
| 5:37 | Create | Villager (Male) |
| 5:37 | Create | Villager (Male) |
| 6:23 | Build | Mining Camp |
| 6:30 | Create | Villager (Male) |
| 6:31 | Research | Loom |
| 7:21 | Research | Feudal Age |
| 8:41 | Build | Barracks |
| 8:51 | Create | Villager (Male) |
| 8:51 | Create | Villager (Male) |
| 8:51 | Create | Villager (Male) |
| 9:32 | Age | Feudal Age |
| 9:47 | Create | Villager (Male) |
| 9:47 | Create | Villager (Male) |
| 9:56 | Build | Palisade Wall |
| 10:07 | Build | Archery Range |
| 10:10 | Create | Spearman |
| 10:13 | Create | Villager (Male) |
| 10:54 | Build | Archery Range |
| 11:01 | Build | House |
| 11:08 | Create | Archer |
| 11:08 | Create | Archer |
| 11:36 | Build | House |
| 11:42 | Build | Mill |
| 11:54 | Build | Palisade Wall |
| 11:58 | Create | Archer |
| 11:58 | Create | Archer |
| 12:21 | Build | House |
| 12:23 | Create | Villager (Male) |
| 12:23 | Create | Villager (Male) |
| 12:45 | Build | Palisade Gate |
| 12:49 | Create | Archer |
| 12:49 | Create | Archer |
| 12:57 | Build | Blacksmith |
| 13:02 | Build | House |
| 13:11 | Create | Villager (Male) |
| 13:15 | Create | Archer |
| 13:15 | Create | Archer |
| 13:41 | Create | Archer |
| 13:41 | Create | Archer |
| 13:52 | Build | House |
| 14:03 | Research | Fletching |
| 14:04 | Research | Padded Archer Armor |
| 14:16 | Build | House |
| 14:20 | Build | House |
| 14:27 | Build | Farm |
| 14:28 | Build | Farm |
| 14:29 | Build | Farm |
| 14:30 | Build | Farm |
| 14:36 | Create | Archer |
| 14:37 | Create | Archer |
| 15:16 | Create | Villager (Male) |
| 15:42 | Build | Market |
| 15:45 | Create | Villager (Male) |
| 15:49 | Build | House |
| 15:56 | Create | Villager (Male) |
| 15:56 | Create | Villager (Male) |
| 15:57 | Create | Villager (Male) |
| 16:05 | Create | Archer |
| 16:05 | Create | Archer |
| 16:06 | Create | Archer |
| 16:06 | Create | Archer |
| 16:38 | Create | Archer |
| 16:38 | Create | Archer |
| 16:47 | Build | House |
| 16:48 | Build | House |
| 16:49 | Build | House |
| 16:54 | Build | Farm |
| 18:04 | Build | Farm |
| 18:05 | Build | Farm |
| 18:07 | Build | Farm |
| 18:08 | Build | Farm |
| 18:11 | Build | Farm |
| 18:21 | Build | Palisade Wall |
| 18:32 | Build | Palisade Wall |
| 18:44 | Create | Archer |
| 18:44 | Create | Archer |
| 18:48 | Create | Villager (Male) |
| 19:29 | Research | Castle Age |
| 20:16 | Build | House |
| 20:19 | Build | House |
| 20:23 | Research | Double-Bit Axe |
| 21:09 | Build | Lumber Camp |
| 21:14 | Create | Archer |
| 21:14 | Create | Archer |
| 21:31 | Build | Farm |
| 21:33 | Research | Horse Collar |
| 21:44 | Build | House |
| 22:02 | Research | Gold Mining |
| 22:09 | Age | Castle Age |
| 22:34 | Build | House |
| 22:47 | Research | Crossbowman (upgrade) |
| 22:54 | Build | Siege Workshop |
| 22:57 | Research | Leather Archer Armor |
| 23:04 | Research | Squires |
| 23:12 | Create | Villager (Male) |
| 23:13 | Create | Villager (Male) |
| 23:13 | Create | Villager (Male) |
| 23:35 | Create | Mangonel |
| 23:35 | Create | Mangonel |
| 24:02 | Create | Villager (Male) |
| 24:03 | Create | Villager (Male) |
| 24:32 | Create | Mangonel |
| 24:35 | Create | Villager (Male) |
| 24:36 | Create | Villager (Male) |
| 25:01 | Create | Villager (Male) |
| 25:01 | Create | Villager (Male) |
| 25:31 | Create | Spearman |
| 25:31 | Create | Spearman |
| 27:27 | Build | Siege Workshop |
| 28:04 | Create | Villager (Male) |
| 28:04 | Create | Villager (Male) |
| 28:26 | Build | Town Center |
| 28:31 | Research | Bodkin Arrow |
| 28:34 | Research | Thumb Ring |
| 28:41 | Create | Villager (Male) |
| 28:41 | Create | Villager (Male) |
| 28:55 | Create | Battering Ram |
| 28:56 | Create | Battering Ram |
| 29:15 | Build | House |
| 29:17 | Create | Villager (Male) |
| 29:17 | Create | Villager (Male) |
| 29:18 | Create | Villager (Male) |
| 29:36 | Create | Villager (Male) |
| 29:37 | Create | Villager (Male) |
| 29:48 | Build | Mining Camp |
| 29:50 | Create | Villager (Male) |
Build order — Pixopate
First 150 of 271 actions detected
| 0:00 | Create | Villager (Male) |
| 0:01 | Create | Villager (Male) |
| 0:01 | Create | Villager (Male) |
| 0:01 | Create | Villager (Male) |
| 0:03 | Build | House |
| 0:07 | Build | House |
| 1:15 | Create | Villager (Male) |
| 1:52 | Build | Lumber Camp |
| 2:12 | Create | Villager (Male) |
| 2:16 | Create | Villager (Male) |
| 2:54 | Create | Villager (Male) |
| 3:12 | Create | Villager (Male) |
| 3:31 | Build | House |
| 3:56 | Create | Villager (Male) |
| 3:57 | Create | Villager (Male) |
| 4:01 | Build | House |
| 4:26 | Build | Mill |
| 4:45 | Create | Villager (Male) |
| 4:47 | Create | Villager (Male) |
| 5:53 | Create | Villager (Male) |
| 5:53 | Create | Villager (Male) |
| 5:58 | Create | Villager (Male) |
| 7:30 | Research | Loom |
| 7:37 | Research | Feudal Age |
| 8:18 | Build | Barracks |
| 8:26 | Build | Palisade Wall |
| 8:52 | Build | House |
| 8:57 | Create | Villager (Male) |
| 8:58 | Create | Villager (Male) |
| 9:17 | Build | Mining Camp |
| 10:05 | Age | Feudal Age |
| 10:09 | Build | Archery Range |
| 10:16 | Build | Palisade Wall |
| 10:30 | Build | Farm |
| 10:34 | Build | Farm |
| 10:45 | Research | Double-Bit Axe |
| 10:52 | Research | Horse Collar |
| 10:58 | Build | Farm |
| 11:20 | Build | House |
| 11:23 | Build | House |
| 11:26 | Create | Villager (Male) |
| 11:26 | Create | Villager (Male) |
| 11:29 | Create | Villager (Male) |
| 11:40 | Build | Palisade Wall |
| 11:45 | Build | Palisade Wall |
| 11:55 | Create | Archer |
| 11:56 | Create | Archer |
| 12:04 | Build | Palisade Wall |
| 12:07 | Create | Villager (Male) |
| 12:20 | Build | Palisade Wall |
| 12:31 | Build | Palisade Wall |
| 12:36 | Create | Archer |
| 12:50 | Create | Villager (Male) |
| 12:57 | Build | Farm |
| 13:01 | Build | Farm |
| 13:31 | Build | Lumber Camp |
| 13:36 | Create | Villager (Male) |
| 13:36 | Create | Villager (Male) |
| 13:37 | Create | Villager (Male) |
| 13:51 | Build | Palisade Wall |
| 13:56 | Create | Villager (Male) |
| 13:57 | Create | Villager (Male) |
| 14:18 | Build | Blacksmith |
| 14:25 | Build | Palisade Wall |
| 14:29 | Create | Villager (Male) |
| 15:02 | Create | Skirmisher |
| 15:02 | Create | Skirmisher |
| 15:02 | Create | Skirmisher |
| 15:11 | Create | Villager (Male) |
| 15:18 | Research | Fletching |
| 15:25 | Build | Farm |
| 15:30 | Build | Farm |
| 15:34 | Create | Villager (Male) |
| 15:41 | Build | Palisade Wall |
| 15:50 | Build | Palisade Wall |
| 15:54 | Research | Padded Archer Armor |
| 16:07 | Build | House |
| 16:11 | Build | House |
| 16:23 | Build | Farm |
| 16:24 | Create | Villager (Male) |
| 16:42 | Build | Farm |
| 17:15 | Create | Villager (Male) |
| 17:15 | Create | Villager (Male) |
| 17:17 | Create | Skirmisher |
| 17:17 | Create | Skirmisher |
| 17:31 | Build | House |
| 17:40 | Build | Farm |
| 17:40 | Build | Farm |
| 17:40 | Build | Farm |
| 17:40 | Build | Farm |
| 17:53 | Build | Market |
| 18:10 | Create | Villager (Male) |
| 18:38 | Create | Villager (Male) |
| 18:38 | Create | Villager (Male) |
| 18:42 | Research | Wheelbarrow |
| 19:15 | Build | Farm |
| 19:16 | Build | Farm |
| 19:16 | Build | Farm |
| 19:16 | Build | Farm |
| 19:17 | Build | Farm |
| 19:32 | Create | Villager (Male) |
| 19:33 | Create | Villager (Male) |
| 19:39 | Build | Farm |
| 19:45 | Build | Farm |
| 20:22 | Create | Villager (Male) |
| 20:36 | Research | Castle Age |
| 21:12 | Create | Villager (Male) |
| 21:50 | Build | Farm |
| 22:00 | Build | Archery Range |
| 22:15 | Build | Palisade Gate |
| 22:31 | Create | Skirmisher ×5 |
| 23:12 | Build | Farm |
| 23:16 | Age | Castle Age |
| 23:23 | Research | Elite Skirmisher (upgrade) |
| 23:29 | Research | Bow Saw |
| 23:35 | Research | Heavy Plow |
| 23:37 | Create | Villager (Male) |
| 23:37 | Create | Villager (Male) |
| 23:45 | Build | Town Center |
| 24:03 | Build | Town Center |
| 24:07 | Create | Villager (Male) |
| 24:07 | Create | Villager (Male) |
| 24:13 | Build | House |
| 24:17 | Build | House |
| 24:17 | Build | House |
| 24:22 | Create | Skirmisher |
| 24:59 | Research | Crossbowman (upgrade) |
| 25:11 | Research | Bodkin Arrow |
| 25:48 | Create | Villager (Male) |
| 25:48 | Create | Villager (Male) |
| 25:48 | Create | Villager (Male) |
| 25:49 | Create | Villager (Male) |
| 25:49 | Create | Villager (Male) |
| 25:49 | Create | Villager (Male) |
| 25:50 | Create | Villager (Male) |
| 25:50 | Create | Villager (Male) |
| 25:50 | Create | Villager (Male) |
| 25:50 | Create | Villager (Male) |
| 25:51 | Create | Villager (Male) |
| 26:12 | Create | Villager (Male) ×5 |
| 26:14 | Research | Hand Cart |
| 26:20 | Create | Archer ×5 |
| 26:27 | Create | Skirmisher ×5 |
| 26:56 | Build | Farm |
| 26:56 | Build | Farm |
| 26:57 | Build | Farm |
| 26:57 | Build | Farm |
| 26:57 | Build | Farm |
| 26:58 | Build | Farm |
| 26:58 | Build | Farm |
Build order — COYS
First 150 of 266 actions detected
| 0:09 | Build | House |
| 0:09 | Create | Villager (Male) |
| 0:10 | Create | Villager (Male) |
| 0:10 | Create | Villager (Male) |
| 0:10 | Create | Villager (Male) |
| 0:10 | Create | Villager (Male) |
| 0:26 | Build | House |
| 1:01 | Build | House |
| 1:27 | Create | Villager (Male) |
| 1:27 | Create | Villager (Male) |
| 1:57 | Create | Villager (Male) |
| 1:57 | Create | Villager (Male) |
| 2:50 | Build | Lumber Camp |
| 2:52 | Create | Villager (Male) |
| 2:52 | Create | Villager (Male) |
| 3:11 | Create | Villager (Male) |
| 3:32 | Create | Villager (Male) |
| 3:33 | Create | Villager (Male) |
| 4:05 | Create | Villager (Male) |
| 4:05 | Create | Villager (Male) |
| 4:29 | Create | Villager (Male) |
| 4:42 | Build | Mill |
| 4:53 | Research | Loom |
| 5:10 | Create | Villager (Male) |
| 5:59 | Create | Villager (Male) |
| 6:01 | Create | Villager (Male) |
| 6:49 | Build | House |
| 6:50 | Build | House |
| 7:22 | Create | Villager (Male) |
| 7:41 | Create | Villager (Male) |
| 7:55 | Build | Farm |
| 8:04 | Create | Villager (Male) |
| 8:19 | Create | Villager (Male) |
| 8:19 | Create | Villager (Male) |
| 8:19 | Create | Villager (Male) |
| 10:43 | Research | Feudal Age |
| 11:02 | Build | Mill |
| 11:35 | Build | Palisade Wall |
| 12:53 | Age | Feudal Age |
| 13:02 | Build | Stone Wall |
| 13:32 | Build | Palisade Wall |
| 13:38 | Research | Wheelbarrow |
| 13:54 | Build | Mining Camp |
| 14:06 | Research | Double-Bit Axe |
| 14:15 | Build | Market |
| 14:19 | Build | Blacksmith |
| 14:30 | Build | Gate |
| 14:37 | Build | Stone Wall |
| 14:44 | Create | Villager (Male) |
| 14:45 | Create | Villager (Male) |
| 14:50 | Create | Villager (Male) |
| 15:12 | Build | Lumber Camp |
| 15:42 | Build | Barracks |
| 15:56 | Research | Gold Mining |
| 17:02 | Build | Mining Camp |
| 17:08 | Research | Castle Age |
| 17:13 | Build | House |
| 17:15 | Build | House |
| 17:39 | Build | Farm |
| 17:39 | Build | Farm |
| 17:56 | Build | Farm |
| 17:57 | Build | Farm |
| 17:58 | Build | Farm |
| 18:06 | Build | Farm |
| 18:10 | Research | Stone Mining |
| 18:14 | Research | Horse Collar |
| 19:23 | Build | Stone Wall |
| 19:36 | Build | Stone Wall |
| 19:48 | Age | Castle Age |
| 20:16 | Build | Stone Wall |
| 20:39 | Build | Gate |
| 20:52 | Research | Bow Saw |
| 20:52 | Research | Bow Saw |
| 21:15 | Build | Town Center |
| 21:36 | Build | Stone Wall |
| 21:56 | Build | Stone Wall |
| 22:21 | Research | Hand Cart |
| 22:39 | Research | Town Watch |
| 23:05 | Create | Villager (Male) |
| 23:05 | Create | Villager (Male) |
| 23:05 | Create | Villager (Male) |
| 23:05 | Create | Villager (Male) |
| 23:06 | Create | Villager (Male) |
| 23:06 | Create | Villager (Male) |
| 23:06 | Create | Villager (Male) |
| 24:20 | Build | Town Center |
| 24:27 | Create | Villager (Male) |
| 24:27 | Create | Villager (Male) |
| 24:29 | Create | Villager (Male) |
| 24:32 | Create | Villager (Male) |
| 24:47 | Create | Villager (Male) |
| 24:47 | Create | Villager (Male) |
| 25:12 | Build | House |
| 25:13 | Build | House |
| 25:14 | Build | House |
| 25:15 | Build | House |
| 25:15 | Build | House |
| 25:15 | Build | House |
| 25:16 | Build | House |
| 25:16 | Build | House |
| 25:16 | Build | House |
| 25:17 | Build | House |
| 25:17 | Build | House |
| 25:17 | Build | House |
| 25:17 | Build | House |
| 25:19 | Build | House |
| 25:42 | Build | Town Center |
| 25:43 | Create | Villager (Male) |
| 25:43 | Create | Villager (Male) |
| 25:53 | Create | Villager (Male) |
| 25:53 | Create | Villager (Male) |
| 26:49 | Create | Villager (Male) |
| 26:49 | Create | Villager (Male) |
| 26:50 | Create | Villager (Male) |
| 27:05 | Create | Villager (Male) |
| 27:06 | Create | Villager (Male) |
| 27:06 | Create | Villager (Male) |
| 27:37 | Build | Market |
| 27:40 | Build | Farm |
| 27:59 | Build | Farm |
| 28:00 | Build | Farm |
| 28:01 | Build | Farm |
| 28:02 | Build | Farm |
| 28:03 | Build | Farm |
| 28:07 | Build | Farm |
| 28:09 | Research | Heavy Plow |
| 28:10 | Create | Villager (Male) |
| 28:10 | Create | Villager (Male) |
| 28:11 | Create | Villager (Male) |
| 28:24 | Build | Stone Wall |
| 28:27 | Build | Stone Wall |
| 28:30 | Build | Gate |
| 28:52 | Build | Farm |
| 28:54 | Build | Farm |
| 28:55 | Create | Villager (Male) |
| 28:55 | Create | Villager (Male) |
| 28:56 | Create | Villager (Male) |
| 28:56 | Create | Villager (Male) |
| 29:02 | Create | Villager (Male) |
| 29:03 | Create | Villager (Male) |
| 29:14 | Build | Mining Camp |
| 29:26 | Create | Villager (Male) |
| 29:26 | Create | Villager (Male) |
| 29:33 | Build | Farm |
| 29:39 | Build | Farm |
| 29:56 | Build | Farm |
| 30:21 | Build | Farm |
| 30:27 | Research | Gold Shaft Mining |
| 30:33 | Create | Villager (Male) |
| 30:33 | Create | Villager (Male) |
Build order — 大眼孔帝国
First 150 of 237 actions detected
| 0:03 | Build | House |
| 0:04 | Build | House |
| 0:07 | Research | Loom |
| 0:09 | Create | Villager (Male) |
| 0:10 | Create | Villager (Male) |
| 1:01 | Create | Villager (Male) |
| 1:26 | Create | Villager (Male) |
| 1:32 | Build | Lumber Camp |
| 1:35 | Create | Villager (Male) |
| 1:35 | Create | Villager (Male) |
| 2:07 | Create | Villager (Male) |
| 2:25 | Create | Villager (Male) |
| 3:02 | Create | Villager (Male) |
| 3:36 | Create | Villager (Male) |
| 3:43 | Build | Mill |
| 4:17 | Create | Villager (Male) |
| 4:18 | Create | Villager (Male) |
| 4:18 | Create | Villager (Male) |
| 4:43 | Create | Villager (Male) |
| 5:08 | Create | Villager (Male) |
| 5:12 | Build | House |
| 5:43 | Create | Villager (Male) |
| 6:04 | Create | Villager (Male) |
| 6:17 | Create | Villager (Male) |
| 6:58 | Build | House |
| 7:08 | Create | Villager (Male) |
| 7:23 | Create | Villager (Male) |
| 7:40 | Build | Mining Camp |
| 8:05 | Create | Villager (Male) |
| 8:48 | Build | Farm |
| 8:52 | Create | Villager (Male) |
| 8:53 | Create | Villager (Male) |
| 9:01 | Create | Villager (Male) |
| 9:05 | Research | Feudal Age |
| 9:49 | Create | Villager (Male) |
| 9:49 | Create | Villager (Male) |
| 10:34 | Build | House |
| 10:37 | Build | House |
| 11:27 | Age | Feudal Age |
| 11:28 | Create | Villager (Male) |
| 11:38 | Build | Farm |
| 11:42 | Build | Farm |
| 11:50 | Research | Double-Bit Axe |
| 12:06 | Build | Farm |
| 12:21 | Create | Villager (Male) |
| 12:27 | Create | Villager (Male) |
| 12:30 | Build | Farm |
| 12:39 | Build | Farm |
| 12:41 | Build | Farm |
| 12:46 | Create | Villager (Male) |
| 12:46 | Create | Villager (Male) |
| 12:56 | Build | Farm |
| 13:04 | Build | Farm |
| 13:07 | Build | Farm |
| 13:11 | Build | Farm |
| 13:18 | Create | Villager (Male) |
| 13:18 | Create | Villager (Male) |
| 13:40 | Build | Blacksmith |
| 14:21 | Build | Farm |
| 14:36 | Create | Villager (Male) |
| 14:55 | Create | Villager (Male) |
| 15:02 | Research | Horse Collar |
| 15:15 | Build | Farm |
| 15:17 | Build | Farm |
| 15:20 | Build | Farm |
| 15:25 | Build | House |
| 15:43 | Build | Market |
| 16:05 | Create | Villager (Male) |
| 16:08 | Build | Farm |
| 16:50 | Research | Castle Age |
| 16:58 | Build | Farm |
| 17:00 | Build | Farm |
| 17:04 | Create | Villager (Male) |
| 17:04 | Create | Villager (Male) |
| 17:06 | Create | Villager (Male) |
| 17:22 | Build | House |
| 17:25 | Build | House |
| 17:43 | Build | Barracks |
| 17:57 | Build | Farm |
| 17:59 | Build | Farm |
| 18:13 | Build | Lumber Camp |
| 18:46 | Create | Spearman |
| 18:47 | Create | Spearman |
| 19:11 | Create | Spearman |
| 19:16 | Research | Wheelbarrow |
| 19:30 | Age | Castle Age |
| 19:32 | Research | Pikeman (upgrade) |
| 19:41 | Create | Spearman |
| 20:14 | Build | House |
| 21:23 | Create | Villager (Male) |
| 21:23 | Create | Villager (Male) |
| 21:24 | Create | Villager (Male) |
| 21:24 | Create | Villager (Male) |
| 21:32 | Create | Spearman |
| 21:32 | Create | Spearman |
| 21:32 | Create | Spearman |
| 21:40 | Build | House |
| 23:33 | Build | Town Center |
| 25:04 | Build | House |
| 25:13 | Build | Mining Camp |
| 25:23 | Create | Spearman |
| 25:26 | Research | Squires |
| 25:41 | Create | Villager (Male) |
| 25:55 | Build | Farm |
| 25:57 | Build | Farm |
| 25:59 | Build | Farm |
| 25:59 | Build | Farm |
| 26:13 | Create | Villager (Male) |
| 26:14 | Create | Villager (Male) |
| 27:06 | Create | Villager (Male) |
| 27:07 | Create | Villager (Male) |
| 27:07 | Create | Villager (Male) |
| 27:07 | Create | Villager (Male) |
| 27:07 | Create | Villager (Male) |
| 27:08 | Research | Hand Cart |
| 27:10 | Create | Villager (Male) |
| 27:10 | Create | Villager (Male) |
| 27:11 | Create | Villager (Male) |
| 27:36 | Create | Villager (Male) |
| 27:36 | Create | Villager (Male) |
| 28:14 | Create | Villager (Male) |
| 28:15 | Create | Villager (Male) |
| 28:16 | Create | Villager (Male) |
| 28:16 | Create | Villager (Male) |
| 28:26 | Research | Gold Mining |
| 28:34 | Create | Villager (Male) |
| 28:34 | Create | Villager (Male) |
| 28:35 | Create | Villager (Male) |
| 28:36 | Create | Villager (Male) |
| 29:25 | Build | Barracks |
| 29:27 | Build | House |
| 29:47 | Create | Spearman |
| 29:47 | Create | Spearman |
| 29:47 | Create | Spearman |
| 29:47 | Create | Spearman |
| 29:50 | Create | Spearman |
| 29:51 | Create | Spearman |
| 30:06 | Create | Spearman |
| 30:06 | Create | Spearman |
| 30:06 | Create | Spearman |
| 30:07 | Create | Spearman |
| 30:07 | Create | Spearman |
| 30:07 | Create | Spearman |
| 30:12 | Build | House |
| 30:13 | Build | House |
| 30:16 | Build | House |
| 30:52 | Build | Archery Range |
| 30:53 | Build | Archery Range |
| 31:22 | Create | Villager (Male) |
| 31:22 | Create | Villager (Male) |
Build order — GERMANICO7222
First 150 of 426 actions detected
| 0:03 | Build | House |
| 0:05 | Build | House |
| 0:06 | Create | Villager (Male) |
| 0:06 | Create | Villager (Male) |
| 0:06 | Create | Villager (Male) |
| 0:07 | Create | Villager (Male) |
| 0:07 | Create | Villager (Male) |
| 1:43 | Create | Villager (Male) |
| 1:43 | Create | Villager (Male) |
| 1:55 | Create | Villager (Male) |
| 1:55 | Create | Villager (Male) |
| 2:21 | Create | Villager (Male) |
| 2:22 | Create | Villager (Male) |
| 2:52 | Build | House |
| 2:54 | Build | House |
| 2:56 | Create | Villager (Male) |
| 3:14 | Create | Villager (Male) |
| 3:33 | Create | Villager (Male) |
| 3:33 | Create | Villager (Male) |
| 3:58 | Create | Villager (Male) |
| 4:24 | Build | Lumber Camp |
| 4:34 | Create | Villager (Male) |
| 4:34 | Create | Villager (Male) |
| 5:09 | Create | Villager (Male) |
| 5:10 | Create | Villager (Male) |
| 5:10 | Create | Villager (Male) |
| 5:38 | Create | Villager (Male) |
| 5:39 | Create | Villager (Male) |
| 6:18 | Build | Mill |
| 6:24 | Create | Villager (Male) |
| 6:53 | Create | Villager (Male) |
| 6:54 | Create | Villager (Male) |
| 7:08 | Research | Loom |
| 8:03 | Build | Mill |
| 8:06 | Research | Feudal Age |
| 8:06 | Research | Feudal Age |
| 8:17 | Research | Double-Bit Axe |
| 9:24 | Build | Barracks |
| 9:26 | Build | House |
| 9:35 | Build | Palisade Gate |
| 9:40 | Build | House |
| 10:18 | Create | Villager (Male) |
| 10:19 | Create | Villager (Male) |
| 10:19 | Create | Villager (Male) |
| 10:22 | Create | Villager (Male) |
| 10:48 | Create | Villager (Male) |
| 11:12 | Create | Villager (Male) |
| 11:13 | Create | Spearman |
| 11:14 | Create | Spearman |
| 11:26 | Build | House |
| 11:30 | Build | Palisade Wall |
| 11:34 | Build | Palisade Wall |
| 11:47 | Create | Villager (Male) |
| 11:50 | Create | Villager (Male) |
| 12:13 | Create | Spearman |
| 12:14 | Create | Spearman |
| 12:27 | Build | Farm |
| 12:28 | Build | Farm |
| 12:28 | Build | Farm |
| 12:28 | Build | Farm |
| 12:29 | Build | Farm |
| 12:29 | Build | Farm |
| 12:29 | Build | Farm |
| 12:31 | Research | Horse Collar |
| 12:43 | Build | Archery Range |
| 13:04 | Build | Blacksmith |
| 13:19 | Create | Villager (Male) |
| 13:20 | Create | Villager (Male) |
| 13:21 | Create | Villager (Male) |
| 13:53 | Build | Palisade Wall |
| 13:55 | Build | Palisade Wall |
| 14:01 | Create | Villager (Male) |
| 14:14 | Build | Mining Camp |
| 14:17 | Create | Villager (Male) |
| 14:19 | Build | Farm |
| 14:20 | Build | Farm |
| 14:22 | Create | Villager (Male) |
| 14:28 | Create | Skirmisher |
| 14:29 | Create | Skirmisher |
| 14:29 | Create | Skirmisher |
| 14:33 | Build | House |
| 14:35 | Build | House |
| 14:37 | Build | House |
| 14:43 | Build | Palisade Wall |
| 14:44 | Build | Palisade Wall |
| 15:00 | Create | Villager (Male) |
| 15:02 | Build | Farm |
| 15:02 | Build | Farm |
| 15:02 | Build | Farm |
| 15:03 | Create | Villager (Male) |
| 15:04 | Create | Villager (Male) |
| 15:12 | Create | Skirmisher |
| 15:12 | Create | Skirmisher |
| 15:52 | Create | Villager (Male) |
| 16:02 | Build | Farm |
| 16:02 | Build | Farm |
| 16:02 | Build | Farm |
| 16:06 | Create | Villager (Male) |
| 16:22 | Create | Skirmisher |
| 16:47 | Create | Skirmisher |
| 16:47 | Create | Skirmisher |
| 17:05 | Build | Farm |
| 17:05 | Build | Farm |
| 17:07 | Build | Farm |
| 17:09 | Build | Farm |
| 17:09 | Build | Farm |
| 17:09 | Build | Farm |
| 17:10 | Build | Farm |
| 17:13 | Create | Villager (Male) |
| 17:27 | Research | Wheelbarrow |
| 17:33 | Create | Skirmisher |
| 18:30 | Build | House |
| 18:32 | Build | House |
| 18:33 | Build | House |
| 18:35 | Build | Palisade Wall |
| 19:25 | Research | Castle Age |
| 21:18 | Build | Farm |
| 21:20 | Research | Gold Mining |
| 21:21 | Research | Bow Saw |
| 21:23 | Research | Heavy Plow |
| 22:27 | Create | Villager (Male) |
| 22:27 | Create | Villager (Male) |
| 22:28 | Create | Villager (Male) |
| 22:28 | Create | Villager (Male) |
| 22:29 | Create | Villager (Male) |
| 22:38 | Build | Town Center |
| 22:56 | Build | Town Center |
| 22:59 | Create | Villager (Male) |
| 23:02 | Create | Villager (Male) |
| 23:33 | Create | Villager (Male) |
| 23:34 | Create | Villager (Male) |
| 23:34 | Create | Villager (Male) |
| 23:36 | Create | Villager (Male) |
| 23:39 | Create | Villager (Male) |
| 23:43 | Create | Villager (Male) |
| 23:43 | Create | Villager (Male) |
| 23:44 | Create | Villager (Male) |
| 23:44 | Create | Villager (Male) |
| 23:45 | Create | Villager (Male) |
| 23:47 | Create | Villager (Male) |
| 23:48 | Create | Villager (Male) |
| 23:55 | Build | Mining Camp |
| 24:02 | Create | Villager (Male) |
| 24:03 | Create | Villager (Male) |
| 24:14 | Build | House |
| 24:16 | Build | House |
| 24:30 | Build | House |
| 24:31 | Build | House |
| 24:35 | Build | Palisade Wall |
| 24:48 | Research | Elite Skirmisher (upgrade) |
Build order — Roy
First 150 of 207 actions detected
| 0:06 | Create | Villager (Male) |
| 0:07 | Create | Villager (Male) |
| 0:07 | Create | Villager (Male) |
| 0:07 | Create | Villager (Male) |
| 0:07 | Create | Villager (Male) |
| 0:10 | Build | House |
| 0:12 | Build | House |
| 1:34 | Create | Villager (Male) |
| 1:34 | Create | Villager (Male) |
| 1:49 | Build | Lumber Camp |
| 2:05 | Create | Villager (Male) |
| 2:05 | Create | Villager (Male) |
| 2:23 | Create | Villager (Male) |
| 2:23 | Create | Villager (Male) |
| 3:02 | Build | House |
| 3:04 | Create | Villager (Male) |
| 3:04 | Create | Villager (Male) |
| 3:19 | Create | Villager (Male) |
| 3:19 | Create | Villager (Male) |
| 3:45 | Build | Palisade Wall |
| 4:05 | Create | Villager (Male) |
| 4:30 | Build | Mill |
| 4:44 | Build | Palisade Wall |
| 5:01 | Create | Villager (Male) |
| 5:01 | Create | Villager (Male) |
| 5:31 | Create | Villager (Male) |
| 5:33 | Create | Villager (Male) |
| 5:39 | Create | Villager (Male) |
| 5:59 | Create | Villager (Male) |
| 6:00 | Create | Villager (Male) |
| 6:07 | Build | House |
| 6:09 | Create | Villager (Male) |
| 6:09 | Create | Villager (Male) |
| 6:49 | Create | Villager (Male) |
| 6:49 | Create | Villager (Male) |
| 7:04 | Build | Palisade Gate |
| 7:09 | Create | Villager (Male) |
| 7:15 | Build | Palisade Wall |
| 7:20 | Create | Villager (Male) |
| 7:34 | Create | Villager (Male) |
| 8:01 | Build | Farm |
| 8:05 | Build | Farm |
| 8:34 | Create | Villager (Male) |
| 8:49 | Research | Feudal Age |
| 9:03 | Build | Mill |
| 9:29 | Build | Palisade Wall |
| 9:37 | Create | Villager (Male) |
| 9:46 | Research | Loom |
| 10:10 | Build | Palisade Wall |
| 10:16 | Create | Villager (Male) |
| 10:44 | Build | Palisade Wall |
| 10:45 | Build | Palisade Wall |
| 10:49 | Create | Villager (Male) |
| 11:01 | Age | Feudal Age |
| 12:30 | Build | Blacksmith |
| 13:00 | Build | House |
| 13:05 | Build | House |
| 13:34 | Create | Villager (Male) |
| 13:34 | Create | Villager (Male) |
| 14:13 | Build | Barracks |
| 14:50 | Build | Archery Range |
| 15:23 | Create | Archer |
| 15:24 | Create | Archer |
| 15:24 | Create | Archer |
| 15:47 | Create | Skirmisher |
| 15:48 | Create | Skirmisher |
| 15:48 | Create | Skirmisher |
| 15:54 | Build | Market |
| 16:30 | Create | Archer |
| 16:30 | Create | Archer |
| 16:30 | Create | Archer |
| 16:49 | Create | Archer |
| 16:49 | Create | Archer |
| 16:49 | Create | Archer |
| 16:59 | Build | Palisade Wall |
| 17:23 | Create | Skirmisher |
| 17:23 | Create | Skirmisher |
| 20:09 | Build | Palisade Gate |
| 20:24 | Build | Mining Camp |
| 20:28 | Create | Villager (Male) |
| 20:29 | Create | Villager (Male) |
| 20:47 | Build | House |
| 21:08 | Create | Villager (Male) |
| 21:08 | Create | Villager (Male) |
| 21:57 | Build | Farm |
| 21:59 | Build | Farm |
| 22:01 | Build | Farm |
| 22:04 | Build | Farm |
| 22:42 | Create | Villager (Male) |
| 22:58 | Build | House |
| 24:10 | Build | Farm |
| 24:12 | Build | Farm |
| 24:16 | Create | Villager (Male) |
| 24:16 | Create | Villager (Male) |
| 25:14 | Create | Villager (Male) |
| 25:15 | Create | Villager (Male) |
| 25:15 | Create | Villager (Male) |
| 25:23 | Build | Farm |
| 25:25 | Build | Farm |
| 25:25 | Build | Farm |
| 25:26 | Build | Farm |
| 25:26 | Build | Farm |
| 25:28 | Build | Farm |
| 25:28 | Build | Farm |
| 25:30 | Build | Farm |
| 25:31 | Build | Farm |
| 26:01 | Research | Double-Bit Axe |
| 26:03 | Create | Villager (Male) |
| 26:03 | Create | Villager (Male) |
| 26:28 | Build | Farm |
| 26:33 | Build | Farm |
| 26:34 | Create | Villager (Male) |
| 26:35 | Create | Villager (Male) |
| 26:38 | Create | Villager (Male) |
| 26:55 | Research | Castle Age |
| 27:15 | Build | Mining Camp |
| 27:50 | Build | House |
| 29:07 | Build | House |
| 29:19 | Create | Villager (Male) |
| 29:19 | Create | Villager (Male) |
| 29:33 | Build | Mining Camp |
| 29:33 | Age | Castle Age |
| 29:45 | Create | Villager (Male) |
| 30:12 | Build | Town Center |
| 30:15 | Create | Villager (Male) |
| 30:15 | Create | Villager (Male) |
| 30:44 | Research | Double-Bit Axe |
| 32:03 | Build | Stable |
| 32:22 | Create | Villager (Male) |
| 32:28 | Create | Villager (Male) |
| 32:28 | Create | Villager (Male) |
| 32:53 | Create | Villager (Male) |
| 32:59 | Create | Villager (Male) |
| 33:00 | Create | Villager (Male) |
| 33:00 | Create | Villager (Male) |
| 33:00 | Create | Villager (Male) |
| 33:02 | Create | Villager (Male) |
| 33:09 | Research | Bloodlines |
| 33:11 | Research | Husbandry |
| 33:12 | Create | Knight |
| 33:13 | Create | Knight |
| 33:13 | Create | Knight |
| 33:24 | Create | Villager (Male) |
| 33:41 | Create | Villager (Male) |
| 33:41 | Create | Villager (Male) |
| 33:52 | Create | Knight |
| 34:48 | Create | Villager (Male) |
| 34:56 | Create | Villager (Male) |
| 34:57 | Create | Villager (Male) |
| 35:03 | Create | Villager (Male) |
Build order — ericweathering
120 actions detected in the replay
| 0:03 | Build | House |
| 0:04 | Build | House |
| 0:05 | Create | Villager (Male) |
| 0:05 | Create | Villager (Male) |
| 0:08 | Create | Villager (Male) |
| 0:08 | Create | Villager (Male) |
| 1:31 | Create | Villager (Male) |
| 1:31 | Create | Villager (Male) |
| 1:57 | Build | Lumber Camp |
| 2:02 | Create | Villager (Male) |
| 2:03 | Create | Villager (Male) |
| 2:14 | Create | Villager (Male) |
| 2:14 | Create | Villager (Male) |
| 2:44 | Create | Villager (Male) |
| 3:01 | Create | Villager (Male) |
| 3:02 | Create | Villager (Male) |
| 3:04 | Build | House |
| 3:05 | Build | House |
| 3:05 | Build | House |
| 3:31 | Create | Villager (Male) |
| 3:31 | Create | Villager (Male) |
| 3:44 | Create | Villager (Male) |
| 3:44 | Create | Villager (Male) |
| 4:34 | Create | Villager (Male) |
| 4:35 | Create | Villager (Male) |
| 4:35 | Create | Villager (Male) |
| 5:04 | Create | Villager (Male) |
| 5:28 | Create | Villager (Male) |
| 5:29 | Create | Villager (Male) |
| 5:36 | Build | Mill |
| 5:43 | Create | Villager (Male) |
| 5:43 | Create | Villager (Male) |
| 5:43 | Create | Villager (Male) |
| 6:16 | Create | Villager (Male) |
| 6:19 | Create | Villager (Male) |
| 6:19 | Create | Villager (Male) |
| 6:32 | Create | Villager (Male) |
| 6:56 | Research | Loom |
| 7:12 | Build | Barracks |
| 7:16 | Create | Villager (Male) |
| 8:05 | Research | Feudal Age |
| 8:05 | Research | Feudal Age |
| 8:26 | Build | Mining Camp |
| 8:29 | Create | Militia |
| 8:29 | Create | Militia |
| 8:56 | Build | House |
| 9:04 | Create | Villager (Male) |
| 9:04 | Create | Villager (Male) |
| 9:28 | Build | House |
| 9:43 | Create | Militia |
| 9:57 | Build | Farm |
| 9:57 | Build | Farm |
| 9:57 | Build | Farm |
| 9:57 | Build | Farm |
| 10:03 | Create | Militia |
| 10:08 | Build | Farm |
| 10:15 | Age | Feudal Age |
| 10:33 | Research | Man-at-Arms (upgrade) |
| 10:41 | Research | Double-Bit Axe |
| 10:49 | Create | Villager (Male) |
| 11:56 | Create | Villager (Male) |
| 11:56 | Create | Villager (Male) |
| 12:00 | Build | Farm |
| 12:01 | Create | Villager (Male) |
| 12:13 | Create | Villager (Male) |
| 12:15 | Research | Wheelbarrow |
| 12:16 | Create | Villager (Male) |
| 12:33 | Build | Farm |
| 12:41 | Create | Villager (Male) |
| 12:44 | Create | Militia |
| 12:44 | Create | Militia |
| 12:44 | Create | Militia |
| 13:07 | Build | Blacksmith |
| 13:11 | Build | Market |
| 13:11 | Create | Villager (Male) |
| 13:23 | Create | Villager (Male) |
| 13:25 | Create | Villager (Male) |
| 13:42 | Create | Villager (Male) |
| 13:47 | Create | Militia |
| 13:47 | Create | Militia |
| 13:50 | Build | House |
| 13:53 | Build | House |
| 13:54 | Build | House |
| 14:00 | Build | Palisade Wall |
| 14:00 | Create | Villager (Male) |
| 14:05 | Create | Villager (Male) |
| 14:13 | Build | House |
| 14:15 | Research | Horse Collar |
| 14:17 | Build | House |
| 14:55 | Create | Villager (Male) |
| 15:19 | Research | Scale Mail Armor |
| 15:21 | Build | House |
| 15:22 | Build | House |
| 15:28 | Build | Farm |
| 15:28 | Build | Farm |
| 15:29 | Create | Villager (Male) |
| 15:39 | Build | Farm |
| 15:46 | Build | Farm |
| 15:46 | Create | Villager (Male) |
| 16:09 | Create | Villager (Male) |
| 16:17 | Build | Farm |
| 16:33 | Build | Mill |
| 16:36 | Build | Farm |
| 16:36 | Build | Farm |
| 16:36 | Build | Farm |
| 16:37 | Build | Farm |
| 16:37 | Build | Farm |
| 16:37 | Build | Farm |
| 16:37 | Build | Farm |
| 16:46 | Research | Forging |
| 16:47 | Create | Villager (Male) |
| 16:56 | Build | House |
| 16:57 | Build | House |
| 17:00 | Create | Villager (Male) |
| 17:14 | Build | Palisade Wall |
| 17:23 | Create | Villager (Male) |
| 17:33 | Create | Spearman |
| 17:33 | Create | Spearman |
| 17:40 | Create | Spearman |
| 18:49 | Create | Villager (Male) |
Match timeline
| 3:45 | Roy · wall_segment Palisade Wall x5 |
| 4:44 | Roy · wall_segment Palisade Wall x10 |
| 7:12 | ericweathering · first_building Barracks |
| 7:15 | Roy · wall_segment Palisade Wall x13 |
| 8:18 | Pixopate · first_building Barracks |
| 8:26 | Pixopate · wall_segment Palisade Wall x12 |
| 8:41 | 高老头子 · first_building Barracks |
| 9:24 | GERMANICO7222 · first_building Barracks |
| 9:29 | Roy · wall_segment Palisade Wall x16 |
| 9:32 | 高老头子 · age_up feudal |
| 9:56 | 高老头子 · wall_segment Palisade Wall x5 |
| 10:05 | Pixopate · age_up feudal |
| 10:07 | 高老头子 · first_building Archery Range |
| 10:09 | Pixopate · first_building Archery Range |
| 10:10 | Roy · wall_segment Palisade Wall x8 |
| 10:15 | ericweathering · age_up feudal |
| 10:16 | Pixopate · wall_segment Palisade Wall x1 |
| 10:16 | 854039402 · first_building Barracks |
| 10:44 | Roy · wall_segment Palisade Wall x13 |
| 10:45 | Roy · wall_segment Palisade Wall x1 |
| 10:58 | 854039402 · age_up feudal |
| 11:01 | Roy · age_up feudal |
| 11:26 | 854039402 · first_building Stable |
| 11:27 | 大眼孔帝国 · age_up feudal |
| 11:30 | GERMANICO7222 · wall_segment Palisade Wall x6 |
| 11:34 | GERMANICO7222 · wall_segment Palisade Wall x5 |
| 11:35 | COYS · wall_segment Palisade Wall x8 |
| 11:40 | Pixopate · wall_segment Palisade Wall x8 |
| 11:45 | Pixopate · wall_segment Palisade Wall x8 |
| 11:54 | 高老头子 · wall_segment Palisade Wall x12 |
| 12:04 | Pixopate · wall_segment Palisade Wall x13 |
| 12:20 | Pixopate · wall_segment Palisade Wall x9 |
| 12:31 | Pixopate · wall_segment Palisade Wall x4 |
| 12:43 | GERMANICO7222 · first_building Archery Range |
| 12:53 | COYS · age_up feudal |
| 13:02 | COYS · wall_segment Stone Wall x4 |
| 13:32 | COYS · wall_segment Palisade Wall x14 |
| 13:51 | Pixopate · wall_segment Palisade Wall x8 |
| 13:53 | GERMANICO7222 · wall_segment Palisade Wall x1 |
| 13:55 | GERMANICO7222 · wall_segment Palisade Wall x1 |
| 14:00 | ericweathering · wall_segment Palisade Wall x1 |
| 14:13 | Roy · first_building Barracks |
| 14:25 | Pixopate · wall_segment Palisade Wall x12 |
| 14:37 | COYS · wall_segment Stone Wall x6 |
| 14:43 | GERMANICO7222 · wall_segment Palisade Wall x7 |
| 14:44 | GERMANICO7222 · wall_segment Palisade Wall x1 |
| 14:50 | Roy · first_building Archery Range |
| 15:41 | Pixopate · wall_segment Palisade Wall x5 |
| 15:42 | COYS · first_building Barracks |
| 15:50 | Pixopate · wall_segment Palisade Wall x5 |
| 16:26 | Roy · first_market_sell 100 food |
| 16:46 | 大眼孔帝国 · first_market_sell 100 wood |
| 16:59 | Roy · wall_segment Palisade Wall x5 |
| 17:14 | ericweathering · wall_segment Palisade Wall x4 |
| 17:43 | 大眼孔帝国 · first_building Barracks |
| 18:21 | 高老头子 · wall_segment Palisade Wall x6 |
| 18:32 | 高老头子 · wall_segment Palisade Wall x8 |
| 18:35 | GERMANICO7222 · wall_segment Palisade Wall x1 |
| 18:40 | 高老头子 · first_market_buy 100 food |
| 19:23 | COYS · wall_segment Stone Wall x10 |
| 19:25 | 高老头子 · first_market_sell 100 wood |
| 19:30 | 大眼孔帝国 · age_up castle |
| 19:36 | COYS · wall_segment Stone Wall x7 |
| 19:48 | COYS · age_up castle |
| 19:58 | ericweathering · resign |
| 20:16 | COYS · wall_segment Stone Wall x9 |
| 20:19 | 854039402 · first_building Archery Range |
| 20:28 | Pixopate · first_market_buy 100 food |
| 21:36 | COYS · wall_segment Stone Wall x5 |
| 21:56 | COYS · wall_segment Stone Wall x12 |
| 22:09 | 高老头子 · age_up castle |
| 22:48 | 854039402 · age_up castle |
| 22:54 | 高老头子 · first_building Siege Workshop |
| 23:16 | Pixopate · age_up castle |
| 24:35 | GERMANICO7222 · wall_segment Palisade Wall x1 |
| 27:57 | GERMANICO7222 · first_building Stable |
| 28:24 | COYS · wall_segment Stone Wall x1 |
| 28:27 | COYS · wall_segment Stone Wall x3 |
| 29:33 | Roy · age_up castle |
| 30:01 | Roy · first_market_buy 100 wood |
| 30:52 | 大眼孔帝国 · first_building Archery Range |
| 31:08 | COYS · first_building Castle |
| 31:26 | COYS · first_building Archery Range |
| 31:29 | COYS · first_building Stable |
| 32:03 | Roy · first_building Stable |
| 32:33 | Pixopate · first_building Monastery |
| 32:45 | 854039402 · first_building Siege Workshop |
| 33:34 | GERMANICO7222 · first_building Siege Workshop |
| 33:45 | 高老头子 · first_building Monastery |
| 34:13 | COYS · first_market_buy 100 food |
| 34:16 | COYS · first_market_sell 100 wood |
| 35:12 | GERMANICO7222 · first_building Castle |
| 36:10 | Roy · first_building Castle |
| 36:33 | Pixopate · age_up imperial |
| 37:00 | 854039402 · age_up imperial |
| 37:12 | Pixopate · first_building Castle |
| 37:42 | COYS · age_up imperial |
| 38:03 | 854039402 · first_building Castle |
| 38:20 | 高老头子 · age_up imperial |
| 40:24 | GERMANICO7222 · tribute_sent a jugador 1 |
| 40:24 | GERMANICO7222 · tribute_sent a jugador 2 |
| 40:24 | GERMANICO7222 · tribute_sent a jugador 3 |
| 40:24 | GERMANICO7222 · tribute_sent a jugador 4 |
| 40:24 | GERMANICO7222 · tribute_sent a jugador 5 |
| 40:24 | GERMANICO7222 · tribute_sent a jugador 7 |
| 40:24 | GERMANICO7222 · tribute_sent a jugador 8 |
| 41:04 | 大眼孔帝国 · first_building Monastery |
| 41:31 | Roy · age_up imperial |
[ AI ANALYSIS · 1 CREDIT ]
What really happened in this match?
Wolo.gg analyzes every decision: build order, eco, micro, common mistakes by bracket. Personalized analysis on WhatsApp or Discord in 30 seconds.
Civ guide
Turks
Perfil
Jugador #14794401